 Dungeon Crawl Stone Soup version 0.29-a0-284-gf9362112df (webtiles) character file.

Game seed: 15706346192964367293

25 Dvallin the Bolt Thrower (level 3, 28/28 HPs)
             Began as a Formicid Hunter on Mar 18, 2022.
             Quit the game on level 1 of the Dungeon.
             The game lasted 00:01:31 (477 turns).

Dvallin the Bolt Thrower (Formicid Hunter)           Turns: 477, Time: 00:01:31

Health: 28/28      AC:  5    Str: 17    XL:     3   Next: 20%
Magic:  3/3        EV: 12    Int:  8    God:
Gold:   7          SH:  0    Dex: 14    Spells: 2/2 levels left

rFire   . . .      SeeInvis +   a - +1 hand crossbow
rCold   . . .      Faith    .   (no shield)
rNeg    . . .      Spirit   .   b - +0 leather armour
rPois   .          Reflect  .   (helmet unavailable)
rElec   .          Harm     .   (no cloak)
rCorr   .          Rampage  .   e - +0 pair of gloves
Will    .....                   g - +0 pair of boots
Stlth   ++........              (no amulet)
HPRegen 0.09/turn               (no ring)
MPRegen 0.08/turn               (no ring)

@: no status effects
A: permanent stasis, dig shafts and tunnels, antennae 3, four strong arms
a: Dig, Shaft Self


You were on level 1 of the Dungeon.
You visited 1 branch of the dungeon, and saw 1 of its levels.

You collected 7 gold pieces.

Inventory:

Hand Weapons
 a - a +1 hand crossbow (weapon)
Armour
 b - a +0 leather armour (worn)
 e - a +0 pair of gloves (worn)
 g - a +0 pair of boots (worn)
Scrolls
 c - 3 scrolls of immolation
 d - a scroll of torment {unknown}
 i - a scroll of amnesia {unknown}
Potions
 f - a potion of might {unknown}
 h - a potion of cancellation {unknown}


   Skills:
 + Level 2.7 Fighting
 + Level 4.2 Crossbows
 + Level 2.2 Dodging
 + Level 2.1 Stealth


You had 2 spell levels left.
You didn't know any spells.
Your spell library was empty.

Dungeon Overview and Level Annotations

Branches:
Dungeon (1/15)

Altars:

Shops:
D:1 [


Innate Abilities, Weirdness & Mutations

You cannot be hasted, slowed, berserked, paralysed or teleported.
You can dig through walls and to a lower floor.
You have a pair of large antennae on your head. (SInv)
Your four strong arms can wield two-handed weapons with a shield.


Message History

The kobold is severely wounded.
A kobold comes into view. It is wielding a +0 short sword.
You shoot a bolt. The bolt closely misses the kobold.
The kobold shouts!
You shoot a bolt.
The bolt hits the kobold but does no damage.
The kobold is severely wounded.
You shoot a bolt. The bolt closely misses the kobold.
The kobold hits you with a +0 short sword.
You shoot a bolt. The bolt misses the kobold.
A kobold comes into view. It is wielding a +0 dagger.
The kobold closely misses you.
You shoot a bolt. The bolt closely misses the kobold.
The kobold closely misses you.
You shoot a bolt. The bolt hits the kobold!
You kill the kobold!
The kobold completely misses you. The kobold barely misses you.
You shoot a bolt. The bolt closely misses the kobold.
The kobold hits you with a +0 short sword.
You shoot a bolt. The bolt hits the kobold.
The kobold is moderately wounded.
The kobold completely misses you.
You shoot a bolt. The bolt hits the kobold.
You kill the kobold!
You shoot a bolt. The bolt hits the kobold!
You kill the kobold!
No target in view!
No target in view!
Things that are here:
a +0 dagger; a +0 short sword
Found a stone staircase leading down.
There is an entrance to Ruhes's Antique Armour Shop here.
You can access your shopping list by pressing '$'.
You sense a monster nearby.
A frilled lizard comes into view.
You shoot a bolt. The bolt hits the frilled lizard!
You kill the frilled lizard!
No target in view!
No target in view!
Are you sure you want to abandon this character and quit the game? (Confirm with "yes".)

#.# #.......∩≈≈.....
#.# #.....≈≈≈≈≈.....
#.# #.....#≈≈≈......
#.# #...............
#.# ##.##.###)).....
#.# #.#............
#.# #.#............
#.####.#............
#..@.# #............
####.# #.##†#†######
.# #.#....# .#
#......###### ..
###.........#
...............#
###..#.........#
..............
..#########...


There were no monsters in sight!

Vanquished Creatures
  3 giant cockroaches (D:1)
  2 jackals (D:1)
  3 quokkas (D:1)
  4 bats (D:1)
  A frilled lizard (D:1)
  9 kobolds (D:1)
22 creatures vanquished.

Notes
Turn   | Place    | Note
-------+----------+-------------------------------------------
     0 | D:1      | Dvallin the Formicid Hunter began the quest for the Orb.
     0 | D:1      | Reached XP level 1. HP: 16/16 MP: 1/1
    93 | D:1      | Reached XP level 2. HP: 23/23 MP: 2/2
   327 | D:1      | Found a faded altar of an unknown god.
   346 | D:1      | Reached XP level 3. HP: 28/28 MP: 3/3
   361 | D:1      | Found Ruhes's Antique Armour Shop.
   477 | D:1      | Quit the game

Illustrated notes

Levels and vault maps discovered:
D:1:      roderic_crossed_star, layout_basic,
          hellmonk_ecumenical_altar_inner_sanctum, serial_shops,
          nicolae_shop_waterfront

Skill      XL: |  1  2  3 |
---------------+----------+-----
Dodging        | 2 |  2.2
Stealth        | 2 |  2.1
Fighting       | |  2.7
Crossbows      | |  4.2

Action                   || total
-------------------------++-------
 Fire: Hand crossbow     ||    74
Armor: Leather armour    ||    11
Dodge: Dodged            ||    27

Table legend: (Time is in decaauts)
 A = Elapsed time spent in this place.
 B = Non-inter-level travel time spent in this place.
 C = Inter-level travel time spent in this place.
 D = Time resting spent in this place.
 E = Time spent auto-exploring this place.
 F = Levels seen in this place.
 G = Mean time per level.
                   A        B        C        D        E       F      G
               +--------+--------+--------+--------+--------+-----+--------+
         Total |    500 |    500 |      0 |      0 |    347 |   1 |  500.0 |
       Dungeon |    500 |    500 |      0 |      0 |    347 |   1 |  500.0 |
               +--------+--------+--------+--------+--------+-----+--------+

Top non-repeatable levels by time:
     D:1: 500 daAuts
